Map: New Repugnancy LE

Players

GogojOey

  • Race: Zerg Zerg
  • Spawn Location: 7:00

Minatoeh (Minato) - Winner!

  • Race: Zerg Zerg
  • Spawn Location: 1:00

Event: 2019 WCS Spring

VOD

Have the link to the VOD?

Description

Time

  • Played on: May 17, 2019, 11:04 a.m.
  • Length: 8:29

All games in this series

Show
View Real Time Build Order
Export as new Build Order

GogojOey Zerg 

Build Orders: Hatch First 

Get SALT Encoding   

  12  0:00  Drone  
  13  0:12  Overlord  
  13  0:17  Drone  
  14  0:30  Drone  
  14  0:31  Drone  
  14  0:35  Drone  
  17  0:52  Hatchery  
  17  0:54  Drone  
  17  0:57  Drone  
  18  1:08  Extractor  
  17  1:12  Spawning Pool  
  17  1:15  Drone  
  18  1:18  Drone  
  18  1:28  Drone  
  19  1:40  Overlord  
  19  1:50  Drone  
  20  1:59  Queen  
  20  2:00  Drone  
  23  2:03  Queen  
  23  2:04  Drone  
  26  2:12  Zergling x2  
  26  2:15  Zergling x2  
  28  2:23  Zergling x2  
  28  2:24  Metabolic Boost  
  28  2:28  Zergling x2  
  29  2:34  Zergling x2  
  29  2:37  Queen  
  31  2:47  Drone  
  31  2:48  Drone x2  
  32  2:53  Drone  
  32  2:57  Overlord  
  33  3:06  Drone  
  33  3:08  Drone x2  
  36  3:18  Hatchery  
  35  3:20  Drone  
  35  3:22  Drone  
  35  3:26  Drone  
  37  3:28  Drone  
  38  3:35  Drone x3  
  41  3:43  Evolution Chamber, Overlord  
  41  3:45  Drone  
  41  3:50  Zergling x4  
  41  3:51  Zergling x2  
  43  3:59  Baneling Nest  
  43  4:00  Overlord  
  43  4:02  Zergling x4  
  44  4:09  Zergling x8  
  46  4:19  Zergling x2  
  46  4:21  Zergling x2  
  48  4:30  Zergling x8  
  48  4:31  Zergling x4  
  54  4:34  Queen  
  48  4:41  Zergling x8  
  48  4:45  Zergling x2  
  45  4:50  Baneling x3  
  45  4:51  Baneling x2  
  45  4:52  Zergling x2  
  36  4:58  Zergling x4  
  30  5:11  Zergling x4  
  30  5:12  Zergling x2  
  30  5:16  Baneling x2  
  30  5:19  Zergling x2  
  31  5:23  Baneling  
  31  5:24  Baneling  
  31  5:26  Zergling x2  
  31  5:27  Zergling x4  
  34  5:32  Zergling x6  
  32  5:36  Zergling x2  
  32  5:40  Zergling x2  
  32  5:47  Zergling x2  
  32  5:48  Zergling x4  
  32  5:52  Zergling x2  
  32  5:56  Baneling  
  31  5:58  Zergling x4  
  31  6:03  Baneling  
  31  6:04  Baneling  
  30  6:06  Zergling x4  
  32  6:12  Zergling x2  
  32  6:13  Zergling x2  
  32  6:14  Baneling  
  32  6:15  Drone  
  35  6:19  Drone  
  36  6:30  Drone x2  
  38  6:33  Baneling x2  
  37  6:41  Baneling  
  37  6:43  Zergling x12  
  42  6:55  Queen  
  42  6:57  Zergling x6  
  45  7:03  Zergling x4  
  45  7:06  Drone x2  
  46  7:14  Drone  
  41  7:17  Zergling x4  
  41  7:22  Zergling x2  
  44  7:28  Drone x2  
  44  7:29  Drone  
  47  7:38  Drone x2  
  47  7:43  Drone  
  48  7:48  Drone  
  48  7:49  Drone  
  40  7:51  Drone  
  36  8:02  Zergling x2  
  37  8:06  Baneling x2  
  37  8:10  Zergling x4  
  38  8:13  Drone  
Show
View Real Time Build Order
Export as new Build Order

Minatoeh Zerg - Winner!

Build Orders: Pool First 

Get SALT Encoding   

  12  0:01  Drone  
  13  0:12  Overlord  
  13  0:17  Drone  
  14  0:30  Drone  
  15  0:37  Spawning Pool  
  15  0:41  Drone  
  15  0:44  Drone  
  15  0:49  Drone  
  17  1:11  Hatchery  
  17  1:13  Drone  
  17  1:24  Zergling x4  
  19  1:28  Extractor, Zergling x2  
  19  1:35  Queen  
  21  1:42  Overlord  
  21  1:53  Drone  
  22  2:01  Drone  
  23  2:10  Queen, Drone  
  26  2:22  Drone  
  27  2:29  Drone  
  28  2:32  Drone  
  28  2:34  Queen, Drone  
  28  2:36  Metabolic Boost  
  32  2:47  Drone x3  
  33  2:52  Zergling x4  
  33  2:57  Overlord  
  36  3:05  Zergling x2, Evolution Chamber  
  36  3:07  Zergling x2  
  36  3:10  Overlord  
  36  3:20  Zergling x2  
  36  3:24  Zergling x6  
  40  3:33  Zerg Melee Weapons Level 1  
  40  3:38  Zergling x6, Roach Warren  
  42  3:44  Zergling x2  
  42  3:45  Zergling x2, Evolution Chamber  
  43  3:51  Zergling x4  
  47  3:56  Zergling x6  
  47  4:02  Zergling x4  
  52  4:17  Overlord x2  
  51  4:35  Zergling x16  
  54  4:44  Zergling x2  
  52  4:47  Zergling x2  
  53  4:55  Zergling x2  
  54  5:00  Zergling x2  
  46  5:09  Zergling x4  
  43  5:14  Hatchery  
  43  5:18  Zergling x2  
  43  5:19  Zergling x6  
  45  5:29  Zergling x2  
  45  5:34  Zergling x2  
  41  5:47  Zergling x4  
  41  5:48  Zergling x6  
  44  5:53  Zergling x8  
  44  5:55  Roach Warren  
  44  5:57  Zergling x2  
  41  6:17  Zergling x12  
  47  6:36  Roach x6  
  53  6:48  Roach, Zergling x2  
  53  6:49  Zergling x6  
  53  6:52  Zergling x10  
  64  6:59  Roach, Zergling x4  
  64  7:13  Zergling x12  
  66  7:19  Zergling x12  
  72  7:24  Zergling x4  
  72  7:27  Roach  
  74  7:38  Overlord  
  74  7:39  Overlord  
  73  7:49  Zergling x8  
  74  7:58  Roach, Zergling x10  
  62  7:59  Zergling x2  
  62  8:05  Zergling x4  
  64  8:09  Zergling x2  
  64  8:10  Zergling x2  
Tags
 
Add a new tag
Caveats
  • Supply blocks, unpowered buildings, or Contaminate may cause inaccurate times.
  • Supply counts are checked every 10 seconds.